 Dungeon Crawl Stone Soup version 0.29.1-4-g47bece8355 (webtiles) character file.

Game seed: 6040821179575998776

258170 KittyFluff the Warrior (level 19, -1/147 HPs)
             Began as a Gargoyle Berserker on Dec 3, 2022.
             Was the Champion of Trog.
             Slain by a deep troll (3 damage)
             ... summoned by a boggart
             ... on level 1 of the Vaults on Dec 5, 2022.
             The game lasted 05:56:42 (45354 turns).

KittyFluff the Warrior (Gargoyle Berserker)        Turns: 45354, Time: 05:56:42

Health: -1/147     AC: 34    Str: 26    XL:     19   Next: 86%
Magic:  6/6        EV: 15    Int: 11    God:    Trog [******]
Gold:   1451       SH: 27    Dex: 19    Spells: 18/18 levels left

rFire   + . .      SeeInvis +   n - +7 eveningstar (antimagic)
rCold   . . .      Faith    .   H - +0 tower shield
rNeg    + . .      Spirit   .   I - +6 scale mail of the Bedazzled God {Rampage rElec rC- Dex+6}
rPois   ∞          Reflect  +   M - +2 hat {Stlth+}
rElec   +          Harm     .   F - scarf {rC+ rF+}
rCorr   .          Rampage  +   V - +0 pair of gloves
Will    +....                   v - +1 pair of boots
Stlth   +++.......              J - amulet of reflection
HPRegen 0.34/turn               R - ring of see invisible
MPRegen 0.10/turn               Q - +6 ring of strength

@: about to teleport, marked, frozen, flying, unable to drink, very slow
A: sickness immunity, AC +14, big wings, negative energy resistance 1,
electricity resistance, torment resistance 1, petrification resistance, antennae
1, robust 1, weak 1, no potion heal 1, inability to drink after injury 1
}: 2/15 runes: decaying, gossamer
a: Renounce Religion, Berserk, Trog's Hand, Brothers in Arms


You were on level 1 of the Vaults.
You worshipped Trog.
Trog was exalted by your worship.
You visited 7 branches of the dungeon, and saw 32 of its levels.
You also visited: Sewer and Volcano.

You collected 3641 gold pieces.
You spent 2190 gold pieces at shops.

Inventory:

Hand Weapons
 n - a +7 antimagic eveningstar (weapon)
 y - the +6 sling "Gargoyle's Peril" {freeze, +Blink MP+9 Dex+3}
   (You bought it in a shop on level 6 of the Dungeon)

   Any ammunition fired from it freezes those it strikes, dealing additional
   cold damage.
   It can also slow down cold-blooded creatures.
   Dex:       It affects your dexterity (+3).
   MP:        It affects your magic capacity (+9).
   +Blink:    It lets you blink.
 B - the +9 morningstar of Semn {vorpal, rF- rN+++ Str+4 Stlth-}
   (Trog gifted it to you on level 4 of the Spider Nest)

   It inflicts extra damage upon your enemies.
   Str:       It affects your strength (+4).
   rF:        It makes you vulnerable to fire.
   rN:        It renders you almost immune to negative energy.
   Stlth:     It makes you less stealthy.
Missiles
 a - 10 boomerangs
 d - 3 throwing nets
 m - 6 curare-tipped darts
 p - 5 javelins (quivered)
 w - 66 poisoned darts
 U - 5 silver javelins
Armour
 v - a +1 pair of boots (worn)
 D - a +0 plate armour of cold resistance
 F - a scarf of resistance (worn)
 H - a +0 tower shield (worn)
 I - the +6 scale mail of the Bedazzled God (worn) {Rampage rElec rC- Dex+6}
   (You bought it in a shop on level 2 of the Orcish Mines)

   Dex:       It affects your dexterity (+6).
   rC:        It makes you vulnerable to cold.
   rElec:     It insulates you from electricity.
   Rampage:   It bestows one free step when moving towards enemies.
 M - a +2 hat of stealth (worn)
 O - a +4 ring mail of fire resistance
 V - a +0 pair of gloves (worn)
Jewellery
 g - a ring of positive energy
 h - a ring of willpower
 E - a +6 ring of strength
 J - an amulet of reflection (around neck)
 Q - a +6 ring of strength (right hand)
 R - a ring of see invisible (left hand)
 S - a ring of protection from cold
 W - a ring of protection from fire
Wands
 s - a wand of mindburst (21)
 z - a wand of charming (31)
 A - a wand of digging (9)
 N - a wand of flame (10)
 T - a wand of iceblast (21)
 Y - a wand of quicksilver (6)
Scrolls
 j - 6 scrolls of blinking
 q - 7 scrolls of magic mapping
 r - 15 scrolls of teleportation
 x - 6 scrolls of enchant armour
 C - 4 scrolls of immolation
 G - 3 scrolls of summoning
 K - 4 scrolls of identify
 L - 9 scrolls of poison
 Z - 2 scrolls of butterflies
Potions
 b - 9 potions of ambrosia
 e - 5 potions of lignification
 f - 6 potions of cancellation
 k - 16 potions of curing
 l - a potion of mutation
 o - 7 potions of haste
 t - 9 potions of heal wounds
 u - 6 potions of resistance
 P - 5 potions of invisibility
 X - 7 potions of might
Miscellaneous
 c - a phial of floods (inert)
 i - a box of beasts (inert)


   Skills:
 * Level 19.8 Fighting
 + Level 16.7 Maces & Flails
 * Level 11.4 Ranged Weapons
 + Level 4.6 Throwing
 + Level 9.2 Armour
 + Level 10.4 Dodging
 + Level 6.6 Stealth
 * Level 18.1 Shields
 + Level 5.0 Evocations


You had 18 spell levels left.
You didn't know any spells.
Your spell library was empty.

Dungeon Overview and Level Annotations

Branches:
Dungeon (15/15)            Temple (0/1) D:7            Lair (5/5) D:10
  Swamp (4/4) Lair:3       Spider (4/4) Lair:3        Slime (0/5) Lair:5
    Orc (2/2) D:11            Elf (1/3) Orc:2        Vaults (1/5) D:14
 Depths (0/4) D:15          Sewer (visited)         Volcano (visited)

Altars:
Dithmenos
Makhleb
Nemelex Xobeh
Sif Muna
Trog
Vehumet
Xom
Yredelemnul
The Shining One
Jiyva

Shops:
D:2 ?(=   D:6 :=?(!   D:8 !!**[   Orc:2 ([[   Vaults:1 ?((=

Annotations:
D:15 2 transporters, AyAyRon's ghost, adept DsFi


Innate Abilities, Weirdness & Mutations

You are immune to sickness and miasma.
Your stone body is resilient. (AC +14)
You are immune to poison.
Your large and strong wings let you fly.
You resist negative energy. (rN+)
You are resistant to electric shocks. (rElec)
You are resistant to unholy torment.
You are immune to petrification.
You have a pair of small antennae on your head.
You are robust. (+10% HP)
You are weak. (Str -2)
Potions are less effective at restoring your health.
You occasionally lose the ability to drink potions when taking damage.


Message History

You closely miss the ironbound convoker.
The ironbound convoker is almost dead.
The vault sentinel blows a loud note on a signal horn!
The ironbound convoker hits you with a +0 dire flail!
You bludgeon the ironbound convoker!!
You kill the ironbound convoker!
Trog accepts your kill.
Trog appreciates your killing of a magic user.
The vault sentinel points at you and mumbles some strange words.
A sentinel's mark forms upon you.
Electricity crackles from the ironbound thunderhulk's apparatus.
The bolt of lightning hits you! You resist.
You sock the boggart!
The boggart's magic leaks into the air.
The boggart is almost dead.
You block the boggart's attack.
Electricity crackles from the ironbound thunderhulk's apparatus.
The bolt of lightning hits you! You resist.
You bludgeon the boggart!!
You kill the boggart!
Trog accepts your kill.
Trog appreciates your killing of a magic user.
You puncture the ironbound frostheart!
The ironbound frostheart's magic leaks into the air.
The ironbound frostheart is lightly wounded.
The ironbound frostheart calls freezing cold from the walls.
The frost grips you!
You are encased in ice.
You block the ironbound frostheart's attack.
The boggart casts a spell.
As you read the scroll of teleportation, it crumbles to dust.
You feel strangely unstable. The ironbound frostheart touches you!!
You feel threatened and lose the ability to drink potions!
* * * LOW HITPOINT WARNING * * *
The ironbound frostheart freezes you!!
* * * LOW HITPOINT WARNING * * *
The boggart mumbles some strange words.
The boggart blinks!
You block the ironbound preserver's attack.
You block the deep troll's attack. x2; The deep troll claws you.
You die...

.......# ##'######
.......# #...#...#(
....>.)########....#.#..
.......'......)pc.#.#.#.
.......#)...p)##p#g#p#.#.
###'####......#p#.#O#.#.#
#).†# #......#§p#T#.#.# .#
###.####......#p#p#.#.#
#.#
.#...#.#.(....##@#{#.#.#.#
.......#......#TT.#.#.#..
.#...#.'......#T...#.#..
###.###########...#...#.
#...#
######+####+#########
##'####
#...................#
......#
#...................#
......#
#...................#
...[..#
#...................#


You could see an ironbound preserver (summoned), an ironbound thunderhulk
(summoned), an ironbound frostheart (strong, magic disrupted), 4 deep trolls and
2 vault sentinels.

Vanquished Creatures
  Saint Roka (Orc:2)
  Nikola (Spider:2)
  Jorgrun (D:13)
  Frances (D:12)
  Gastronok (D:10)
  A thorn hunter (Swamp:3)
  7 emperor scorpions
  A deep elf sorcerer (Elf:1)
  2 orc warlords (Orc:2)
  3 vault wardens (Vaults:1)
  6 ghost moths
  Aizul (Swamp:2)
  A broodmother (Spider:2)
  4 ironbound preservers (Vaults:1)
  3 ironbound thunderhulks (Vaults:1)
  2 stone giants
  2 very ugly things (Vaults:1)
  Azrael (D:14)
  8 bunyips
  6 eleionomae
  4 entropy weavers
  2 spark wasps
  7 dire elephants (Vaults:1)
  Snorg (D:14)
  Josephine (D:13)
  2 yaktaur captains (Vaults:1)
  3 great orbs of eyes (Vaults:1)
  6 boulder beetles
  Harold (D:10)
  3 vault guards (Vaults:1)
  18 hydras
  A catoblepas (Lair:5)
  A ghost crab (Swamp:1)
  2 jorogumos (Lair:3)
  An ogre mage (Vaults:1)
  A merfolk avatar (Lair:5)
  4 radroaches
  2 two-headed ogres
  3 tengu warriors (D:15)
  20 death yaks
  10 alligators
  A dancing weapon (Elf:1)
  An orc high priest (Orc:2)
  Urug (D:10)
  Sonja (D:11)
  Nergalle (Orc:1)
  The ghost of Rudyous the Fighter, a novice MiFi of Gozag (D:10)
  A deep elf knight (Elf:1)
  A fire crab (Lair:5)
  4 pharaoh ants
  2 sun moths
  7 steelbarb worms
  8 skeletal warriors
  18 deep trolls
  4 goliath frogs
  Lodul (D:14)
  A sea snake (shapeshifter) (D:14)
  14 swamp dragons
  The ghost of Algorand the Nimble, a novice DjWr (D:8)
  5 bog bodies
  2 wizards
  4 spriggan druids
  9 lindwurms
  9 orb spiders
  A phantasmal warrior (Vaults:1)
  6 deep elf pyromancers
  18 wolf spiders
  2 harpies (Lair:5)
  3 orc sorcerers
  4 ironbound convokers (Vaults:1)
  A necromancer (Vaults:1)
  2 orc knights
  2 deep elf zephyrmancers
  7 ugly things
  18 slime creatures
  5 cyclopes
  3 will-o-the-wisps
  7 elephants
  2 moths of wrath
  A vault sentinel (Vaults:1)
  7 torpor snails
  2 molten gargoyles (Volcano)
  5 black mambas
  The ghost of elongatedgoose the Chopper, a novice HOFi (D:5)
  12 cane toads
  A water nymph (shapeshifter) (D:14)
  2 unseen horrors
  Psyche (D:8)
  7 rime drakes
  7 demonic crawlers
  A freezing wraith (D:14)
  8 komodo dragons
  3 kobold demonologists
  A yaktaur (shapeshifter) (D:14)
  A tengu conjurer (D:15)
  11 yaktaurs (Vaults:1)
  An efreet (Volcano)
  A queen bee (D:10)
  4 trolls
  3 meliai (Spider:2)
  14 blink frogs
  7 tyrant leeches
  A tarantella (shapeshifter) (D:15)
  3 wind drakes (Lair:5)
  18 hornets
  2 blink frogs (shapeshifter) (D:14)
  Grinder (D:5)
  23 tarantellas
  6 dream sheep (Lair:5)
  A sphinx simulacrum (Vaults:1)
  37 jumping spiders
  A snapping turtle (Lair:5)
  A shadow (D:11)
  7 wraiths
  70 yaks
  26 culicivoras
  19 wyverns
  An ettin skeleton (Vaults:1)
  A vampire (D:10)
  A basilisk (shapeshifter) (D:15)
  6 fire bats (Volcano)
  15 spriggans
  5 fire elementals
  6 basilisks
  65 redbacks
  12 vampire mosquitoes
  18 swamp worms
  Edmund (D:5)
  8 wargs
  An acid dragon (D:8)
  15 water moccasins
  Duvessa (D:5)
  4 hell hounds
  A sky beast (D:6)
  An ice beast (shapeshifter) (D:14)
  6 swamp drakes
  A black bear (D:7)
  An ice beast (D:7)
  29 orc warriors
  11 ogres
  12 wolves
  A human zombie (Vaults:1)
  2 boggarts (Vaults:1)
  8 centaurs
  7 kobold brigands
  2 phantoms
  15 bullfrogs
  3 gnoll sergeants
  A necrophage (D:7)
  3 earth elementals (Volcano)
  3 scorpions
  4 wights (D:9)
  Dowan (D:5)
  17 killer bees (D:10)
  3 electric eels
  4 howler monkeys
  7 lava snakes (Volcano)
  3 jellies
  Crazy Yiuf (D:2)
  A gnoll bouda (D:6)
  24 orc priests
  2 hounds
  7 iguanas
  13 orc wizards
  2 hell rats (Lair:4)
  18 gnolls
  6 adders
  4 river rats
  2 shadow imps
  3 white imps
  3 worms
  3 dart slugs
  93 orcs
  6 ball pythons
  16 endoplasms
  15 giant cockroaches
  9 goblins
  7 hobgoblins
  13 jackals
  2 quokkas
  6 bats
  4 frilled lizards
  21 kobolds
  6 rats
1234 creatures vanquished.

Vanquished Creatures (collateral kills)
  An emperor scorpion (Spider:2)
  2 yaktaurs (Vaults:1)
3 creatures vanquished.

Vanquished Creatures (others)
  A tengu conjurer (D:15)
  2 bloated husks
  2 boggarts (Vaults:1)
  3 briar patches (Swamp:3)
  20 foxfires
  28 fungi
  118 plants
174 creatures vanquished.

Grand Total: 1411 creatures vanquished

Notes
Turn   | Place    | Note
-------+----------+-------------------------------------------
     0 | D:1      | KittyFluff the Gargoyle Berserker began the quest for the
                  | Orb.
     0 | D:1      | Reached XP level 1. HP: 14/14 MP: 1/1
   117 | D:1      | Reached XP level 2. HP: 19/20 MP: 2/2
   522 | D:1      | Found a faded altar of an unknown god.
   996 | D:1      | Reached XP level 3. HP: 21/24 MP: 3/3
  1009 | D:1      | Reached skill level 4 in Fighting
  1352 | D:2      | Reached XP level 4. HP: 14/29 MP: 4/4
  1754 | D:2      | Found a runed translucent door.
  1755 | D:2      | Noticed Crazy Yiuf
  1757 | D:2      | Identified the +7 hammer of Dullness {antimagic, rC+ Int+3
                  | Dex+2}
  1764 | D:2      | Killed Crazy Yiuf
  1775 | D:2      | Identified the +3 hammer "Xiduam" {vorpal, rN++}
  1993 | D:2      | Found Yzxuceg's Magic Scroll Shoppe.
  2002 | D:2      | Bought a scroll of identify for 20 gold pieces
  2111 | D:2      | Found Mybba's Jewellery Shop.
  2118 | D:2      | Found Taec's Weapon Shop.
  2285 | D:2      | Reached XP level 5. HP: 31/34 MP: 1/5
  2303 | D:2      | Reached ** piety under Trog
  3129 | D:4      | Found a glowing golden altar of the Shining One.
  3129 | D:4      | Found a radiant altar of Vehumet.
  3385 | D:4      | Reached skill level 1 in Stealth
  3394 | D:4      | Reached XP level 6. HP: 31/39 MP: 2/6
  3449 | D:5      | Entered Level 5 of the Dungeon
  3531 | D:5      | Reached skill level 5 in Maces & Flails
  3691 | D:5      | Noticed Edmund
  3699 | D:5      | Killed Edmund
  3700 | D:5      | Reached skill level 5 in Fighting
  3700 | D:5      | Reached XP level 7. HP: 44/44 MP: 2/7
  3952 | D:5      | Noticed Grinder
  3953 | D:5      | Noticed Dowan
  3954 | D:5      | Noticed Duvessa
  3955 | D:5      | Paralysed by Grinder for 2 turns
  3962 | D:5      | Killed Dowan
  3970 | D:5      | Killed Duvessa
  3976 | D:5      | Killed Grinder
  3976 | D:5      | Reached *** piety under Trog
  3977 | D:5      | Reached XP level 8. HP: 5/51 MP: 2/8
  3982 | D:5      | Found a large runed translucent door.
  3983 | D:5      | Found a large runed translucent door.
  4246 | D:5      | Noticed elongatedgoose's ghost (novice HOFi)
  4398 | D:5      | Found a shimmering blue altar of Sif Muna.
  4444 | D:5      | Killed elongatedgoose's ghost
  4445 | D:5      | Reached skill level 6 in Fighting
  4603 | D:6      | Found Plog's Distillery.
  4606 | D:6      | Bought a potion of degeneration for 12 gold pieces
  4674 | D:6      | Found Sabrah Dumuy's Book Shoppe.
  4693 | D:6      | Noticed a yak
  4694 | D:6      | Noticed a yak
  4700 | D:6      | Noticed a yak
  4708 | D:6      | Killed a yak
  4715 | D:6      | Killed a yak
  4716 | D:6      | Reached XP level 9. HP: 5/56 MP: 3/9
  4716 | D:6      | HP: 4/84 [hound (1)]
  4717 | D:6      | HP: 1/84 [hound (3)]
  4718 | D:6      | Reached skill level 7 in Fighting
  4718 | D:6      | Reached skill level 5 in Armour
  4823 | D:6      | Found Ceawn's Jewellery Shoppe.
  4920 | D:6      | Found a glowing drain.
  4925 | Sewer    | Entered a sewer
  5953 | D:6      | Found Boigre's Magic Scroll Shoppe.
  5968 | D:6      | Found a bloodstained altar of Trog.
  6044 | D:6      | Found Pykekhly's Weapon Boutique.
  6254 | D:7      | Noticed a hornet
  6262 | D:7      | Killed a hornet
  6263 | D:7      | Reached skill level 8 in Fighting
  6396 | D:7      | Found a staircase to the Ecumenical Temple.
  6459 | D:7      | Identified the +8 falchion "X" {speed, *Rage rF+ Str+5
                  | Dex+3}
  6953 | D:7      | Reached **** piety under Trog
  6960 | D:7      | Reached XP level 10. HP: 45/65 MP: 3/10
  7013 | D:8      | Noticed Psyche
  7028 | D:8      | Killed Psyche
  7029 | D:8      | Reached skill level 1 in Shields
  7231 | D:8      | Found Gemafis's Armour Shop.
  7685 | D:8      | Reached skill level 9 in Fighting
  7989 | D:8      | Found Onutwan's Assorted Antiques.
  8131 | D:8      | Identified the +4 war axe of Rotation {vorpal, Int+4 SInv}
  8180 | D:8      | Found a shadowy altar of Dithmenos.
  8295 | D:8      | Found Yklec's General Store.
  8622 | D:8      | Found Plog's Distillery.
  8630 | D:8      | Found a runed translucent door.
  8630 | D:8      | Noticed Algorand's ghost (novice DjWr)
  8966 | D:8      | Killed Algorand's ghost
  8967 | D:8      | Reached skill level 10 in Maces & Flails
  8995 | D:8      | Found Xeumm's Distillery.
  9011 | D:8      | Found a basalt altar of Yredelemnul.
  9441 | D:9      | Reached skill level 5 in Dodging
  9809 | D:9      | Reached skill level 1 in Throwing
  9892 | D:9      | Reached XP level 11. HP: 71/71 MP: 3/11
 10508 | D:10     | Entered Level 10 of the Dungeon
 10586 | D:10     | Noticed a two-headed ogre
 10597 | D:10     | Killed a two-headed ogre
 10598 | D:10     | Reached skill level 5 in Shields
 10653 | D:10     | Found a runed translucent door.
 10653 | D:10     | Noticed Rudyous's ghost (novice MiFi)
 10663 | D:10     | Found a staircase to the Lair.
 10673 | D:10     | Identified the +5 falchion "Wock" {speed, Drain rF+++
                  | Str+10 Stlth-}
 10809 | D:10     | Reached skill level 10 in Fighting
 11146 | D:10     | Noticed Harold
 11180 | D:10     | Noticed Urug
 11244 | D:10     | Killed Urug
 11325 | D:10     | Killed Harold
 12020 | D:10     | Killed Rudyous's ghost
 12148 | Lair:1   | Entered Level 1 of the Lair of Beasts
 12148 | Lair:1   | Noticed Gastronok
 12176 | D:10     | Killed Gastronok
 12239 | Lair:1   | Reached skill level 11 in Fighting
 12243 | Lair:1   | Reached XP level 12. HP: 80/80 MP: 4/12
 12306 | Lair:1   | Found a dark tunnel.
 12325 | Volcano  | Entered a volcano
 12559 | Volcano  | Found a burning altar of Makhleb.
 12674 | Volcano  | Noticed a stone giant
 12693 | Volcano  | Killed a stone giant
 13785 | Lair:2   | Reached ***** piety under Trog
 14078 | Lair:2   | Reached skill level 12 in Fighting
 14568 | Lair:2   | Reached XP level 13. HP: 86/86 MP: 4/13
 15350 | Lair:3   | Found a hole to the Spider Nest.
 15480 | Lair:3   | Found a staircase to the Swamp.
 15582 | Lair:3   | Received a gift from Trog
 15943 | Lair:4   | Reached skill level 13 in Fighting
 16030 | Lair:4   | Reached skill level 5 in Stealth
 16422 | Lair:4   | Found a shimmering altar of Xom.
 16689 | Lair:4   | Gained mutation: Your large and strong wings let you fly.
                  | [Gargoyle growth]
 16689 | Lair:4   | Reached XP level 14. HP: 89/95 MP: 14/14
 16824 | Lair:5   | Entered Level 5 of the Lair of Beasts
 16838 | Lair:4   | Reached skill level 14 in Fighting
 16869 | Lair:4   | Reached skill level 10 in Shields
 17021 | Lair:4   | Received a gift from Trog
 17207 | Lair:5   | Found a viscous altar of Jiyva.
 17207 | Lair:5   | Found a staircase to the Slime Pits.
 17701 | Lair:5   | Found a burning altar of Makhleb.
 17986 | Lair:5   | Reached skill level 15 in Fighting
 18697 | Lair:5   | Reached XP level 15. HP: 103/103 MP: 15/15
 18868 | Lair:5   | Identified the +1 longbow "Zechigui" {vorpal, *Slow rF++
                  | Will+++ SInv}
 19595 | D:6      | Bought the +6 sling "Gargoyle's Peril" {freeze, +Blink MP+9
                  | Dex+3} for 1078 gold pieces
 19880 | D:11     | Noticed Sonja
 19954 | D:11     | Received a gift from Trog
 19962 | D:11     | Killed Sonja
 19963 | D:11     | Reached skill level 1 in Ranged Weapons
 20647 | D:11     | Found a sparkling altar of Nemelex Xobeh.
 20800 | D:11     | Identified the +3 war axe "Paityompagio" {vorpal, Str+3}
 20823 | D:11     | Found a staircase to the Orcish Mines.
 21851 | D:12     | Noticed Frances
 21871 | D:12     | Killed Frances
 21872 | D:12     | Reached skill level 16 in Fighting
 22023 | D:13     | Reached skill level 15 in Maces & Flails
 22555 | D:13     | You are sucked into a shaft and drop 1 floor!
 22630 | D:14     | Reached skill level 1 in Evocations
 22906 | D:14     | Noticed Snorg
 22923 | D:14     | Killed Snorg
 22983 | D:14     | Noticed Lodul
 23193 | D:13     | Noticed Josephine
 23229 | D:13     | Killed Josephine
 23505 | D:13     | Noticed Jorgrun
 23533 | D:13     | Killed Jorgrun
 23778 | D:14     | Found a gate to the Vaults.
 24012 | D:14     | Noticed Azrael
 24045 | D:14     | Killed Azrael
 24434 | D:14     | Killed Lodul
 24586 | D:15     | Entered Level 15 of the Dungeon
 24655 | D:15     | Reached ****** piety under Trog
 24683 | D:15     | Reached skill level 5 in Ranged Weapons
 24686 | D:15     | Reached XP level 16. HP: 104/111 MP: 8/16
 24805 | D:15     | Found a transporter.
 24806 | D:15     | Found a transporter.
 24925 | D:15     | Received a gift from Trog
 24978 | D:15     | Found a glowing golden altar of the Shining One.
 25236 | D:15     | Found a staircase to the Depths.
 25289 | D:15     | Gained mutation: Potions are less effective at restoring
                  | your health. [potion of mutation]
 25289 | D:15     | Gained mutation: You have a pair of small horns on your
                  | head. [potion of mutation]
 25466 | D:15     | Noticed AyAyRon's ghost (adept DsFi)
 25751 | Orc:1    | Entered Level 1 of the Orcish Mines
 25757 | Orc:1    | Paralysed by an orc sorcerer for 3 turns
 25820 | Orc:1    | Noticed Nergalle
 25842 | Orc:1    | Killed Nergalle
 26252 | Orc:2    | Entered Level 2 of the Orcish Mines
 26317 | Orc:2    | Found a staircase to the Elven Halls.
 26727 | Orc:2    | Found Zopeyrol's Armour Shoppe.
 27097 | Orc:2    | Paralysed by an orc sorcerer for 3 turns
 27660 | Orc:2    | Noticed Saint Roka
 27700 | Orc:2    | Killed Saint Roka
 27814 | Orc:2    | Paralysed by an orc sorcerer for 3 turns
 27818 | Orc:2    | Received a gift from Trog
 27931 | Orc:2    | Found Xoofyskuy's Antique Armour Shop.
 27942 | Orc:2    | Found Hoydu's Antique Weapon Boutique.
 27954 | Orc:2    | Bought a smoking scale mail for 306 gold pieces
 27954 | Orc:2    | Identified the +6 scale mail of the Bedazzled God {Rampage
                  | rElec rC- Dex+6} (You bought it in a shop on level 2 of the
                  | Orcish Mines)
 28365 | Orc:2    | Bought a scarf of resistance for 384 gold pieces
 28419 | Elf:1    | Entered Level 1 of the Elven Halls
 28766 | Swamp:1  | Entered Level 1 of the Swamp
 29133 | Swamp:1  | Reached skill level 17 in Fighting
 30573 | Swamp:2  | Lost mutation: You have a pair of small horns on your head.
                  | [potion of mutation]
 30573 | Swamp:2  | Lost mutation: Potions are less effective at restoring your
                  | health. [potion of mutation]
 30573 | Swamp:2  | Gained mutation: You have a pair of small antennae on your
                  | head. [potion of mutation]
 30573 | Swamp:2  | Gained mutation: You are robust. (+10% HP) [potion of
                  | mutation]
 30578 | Swamp:2  | Received a gift from Trog
 30641 | Swamp:2  | Reached skill level 5 in Evocations
 30641 | Swamp:2  | Reached XP level 17. HP: 126/129 MP: 15/17
 31009 | Swamp:3  | Noticed Aizul
 31029 | Swamp:2  | Killed Aizul
 31718 | Swamp:4  | Entered Level 4 of the Swamp
 33132 | Swamp:4  | Received a gift from Trog
 33155 | Swamp:4  | Got a decaying rune of Zot
 33189 | Swamp:3  | Reached skill level 18 in Fighting
 34060 | Spider:1 | Entered Level 1 of the Spider Nest
 34750 | Spider:1 | Reached skill level 15 in Shields
 35135 | Spider:1 | Reached XP level 18. HP: 137/137 MP: 18/18
 35775 | Spider:2 | Received a gift from Trog
 36234 | Spider:2 | Noticed Nikola
 36266 | Spider:2 | Killed Nikola
 37153 | Spider:2 | Reached skill level 10 in Ranged Weapons
 37410 | Spider:2 | Gained mutation: Potions are less effective at restoring
                  | your health. [mutagenic glow]
 37423 | Spider:2 | Gained mutation: You occasionally lose the ability to drink
                  | potions when taking damage. [mutagenic glow]
 37434 | Spider:2 | Gained mutation: You are weak. (Str -2) [mutagenic glow]
 38149 | Spider:2 | Reached skill level 10 in Dodging
 39029 | Spider:3 | Received a gift from Trog
 39181 | Spider:4 | Entered Level 4 of the Spider Nest
 40473 | Spider:4 | Reached skill level 19 in Fighting
 40766 | Spider:4 | Identified the +9 morningstar of Semn {vorpal, rF- rN+++
                  | Str+4 Stlth-} (Trog gifted it to you on level 4 of the
                  | Spider Nest)
 40766 | Spider:4 | Received a gift from Trog
 41269 | Spider:4 | Reached XP level 19. HP: 113/145 MP: 2/19
 41792 | Spider:4 | Got a gossamer rune of Zot
 42399 | Vaults:1 | Entered Level 1 of the Vaults
 42877 | Vaults:1 | Found Onylyxki's Weapon Shoppe.
 43113 | Vaults:1 | Found Rephi's Weapon Shoppe.
 43421 | Vaults:1 | Received a gift from Trog
 44005 | Vaults:1 | Identified the +1 leather armour of Bepnit {rN+}
 44450 | Vaults:1 | Found Kigyfof's Magic Scroll Shoppe.
 44741 | Vaults:1 | Found Ytzonad's Jewellery Shoppe.
 44749 | Vaults:1 | Bought an amulet of reflection for 390 gold pieces
 45354 | Vaults:1 | HP: 2/147 [ironbound frostheart (30)]
 45354 | Vaults:1 | Slain by a deep troll

Illustrated notes

Levels and vault maps discovered:
D:1:      co_arrival_square_in_a_square_in_a_square, layout_loops_ring,
          chequers_ecumenical_altar_simple_redux, serial_bayou_pond_b
D:2:      minmay_roachtagon, layout_loops_cross, serial_shops,
          nicolae_shop_crystal, shop, nicolae_diamond_shop,
          nicolae_eternal_life, kennysheep_generic_room_15,
          uniq_crazy_yiuf_cottage
D:3:      layout_rooms, wad_floor_pattern_1, minmay_misc_feat_four_crosses,
          columned_hall_lemuel, minmay_misc_feat_chi, palyth_stone_intersect
D:4:      layout_basic, gammafunk_temple_overflow_pools
D:5:      layout_cave_pods, kennysheep_mini, ebering_ghost_disaster_area,
          uniq_duvessa, uniq_grinder, uniq_edmund
D:6:      layout_loops_corners, mainiacjoe_overflow_tiny_flanked, serial_shops,
          nicolae_diamond_shop, nicolae_square_shop,
          nicolae_shop_bloodbath_and_beyond, shop, nicolae_shop_behind_doors,
          gup_sewer_entry_bowl
D:7:      layout_rooms, minmay_temple_entry_hall, due_unseen_surprise
D:8:      layout_loops_corners, lemuel_doored_altar,
          mainiacjoe_overflow_six_doors_small, gammafunk_ghost_grave,
          serial_shops, shop, nicolae_shop_window_shopping, shop_statue,
          shop_statue, nicolae_take_the_stairs, serial_bayou_lagoon_a,
          chequers_decorated_corner, uniq_psyche
D:9:      layout_basic
D:10:     layout_gridville, lair_entry_dummy, hellmonk_ghost_happy_afterlife,
          dk_vineyard_3, fungi_pond_lemuel, minivault_7, uniq_harold, uniq_urug
D:11:     layout_cave_pools, orc_0_dummy, nemelex_spade_bored_becter, uniq_sonja
D:12:     layout_roguey, serial_rivers, chequers_serial_rivers_room_a,
          chequers_serial_rivers_large_b, chequers_serial_rivers_micro_c,
          chequers_serial_rivers_marsh, chequers_serial_rivers_micro_e,
          minmay_misc_feat_square, uniq_frances
D:13:     layout_irregular_city, uniq_jorgrun, uniq_josephine
D:14:     layout_basic, david_vaults_2, uniq_lodul, uniq_snorg, uniq_azrael
D:15:     hangedman_depths_entry_civil_slaughter, layout_loops_ring,
          gammafunk_ghost_mausoleum, nicolae_tso_swordbearing_angel
Lair:1:   layout_cave_pods, enter_volcano_1, chequers_serial_rivers_micro_d,
          uniq_gastronok
Lair:2:   layout_chaotic_city
Lair:3:   layout_small_grid, minmay_swamp_entry_reptiles,
          hellmonk_spider_entry_life_and_decay, lemuel_old_faithful,
          grunt_megastairs_4, serial_bayou_shore_a
Lair:4:   layout_misc_corridors, basic_altar, special_room
          [special_room_mythical_zoo]
Lair:5:   gammafunk_lair_ancient_temple, layout_big_grid,
          nicolae_slime_entry_slimehenge, basic_altar, nicolae_lair_yak_garden
Swamp:1:  layout_basic_swamp, nicolae_swamp_tree_isthmus,
          infiniplex_staircase_pool_2
Swamp:2:  layout_falls_marsh, hangedman_swamp_cone, swamp_pool2
Swamp:3:  nicolae_swamp_long_stream, layout_basic_swamp,
          nicolae_swamp_very_dense_foliage, uniq_aizul
Swamp:4:  swamp_alternative, layout_basic_swamp, swamp_pool3, worms_lemuel
Spider:1: nicolae_spider_jumping_over_cracks
          [nicolae_spider_jumping_sub_shuffled,
          nicolae_spider_jumping_sub_offset, nicolae_spider_jumping_sub_narrow,
          nicolae_spider_jumping_sub_no_exit], drop_trap
Spider:2: layout_spider_delve, nicolae_spider_cling_halls, uniq_nikola
Spider:3: layout_chambers
Spider:4: grunt_spider_rune_circles, nicolae_spider_baby_got_redback
Orc:1:    cheibrodos_orc_bank, layout_caves, uniq_nergalle
Orc:2:    grunt_orc_community_town_hall, layout_diamond_mine,
          grunt_orc_community_big_house_2, grunt_orc_community_big_house_1,
          grunt_orc_community_house_3, grunt_orc_community_house_1,
          grunt_orc_community_house_2, grunt_orc_community_house_1,
          grunt_orc_community_house_2, basic_altar, minmay_orc_temple_a
Elf:1:    layout_loops_corners, kennysheep_underground_church, drop_trap,
          uniq_asterion
Vaults:1: v_pattern_3, hangedman_vaults_hat, hangedman_vaults_hard_town_square,
          vaults_room_corners, v_misc_27, v_misc_26, vaults_room_fours,
          ontoclasm_vaults_twist, v_misc_22, vaults_room_semicircle,
          v_alt_pattern_4, layout_vaults_omnibox, serial_shops,
          nicolae_shop_behind_doors

Skill      XL: |  1  2  3  4  5  6  7  8  9 10 11 12 13 14 15 16 17 18 19 |
---------------+----------------------------------------------------------+-----
Fighting       | 4 5 6 8 9 11 12 13 15 16 17 18 19 | 19.8
Dodging        | 2 3 4 5 6 7 8 9 10 | 10.4
Maces & Flails | 4 5 6 7 9 10 11 13 14 15 16 | 16.7
Stealth        | 1 2 3 4 5 6 |  6.6
Armour         | 3 4 6 7 8 9 |  9.2
Shields        | 4 6 8 9 11 12 13 15 16 18 | 18.1
Throwing       | 1 2 3 4 |  4.6
Ranged Weapons | 5 7 9 10 11 | 11.4
Evocations     | 2 5 |  5.0

Action                   |  1- 3 |  4- 6 |  7- 9 | 10-12 | 13-15 | 16-18 | 19-21 || total
-------------------------+-------+-------+-------+-------+-------+-------+-------++-------
Melee: Mace              |   101 |   152 |   295 |   834 |   298 |    70 |       ||  1750
       Punch             |     1 |       |     7 |       |       |       |       ||     8
       Demon whip        |       |       |       |       |  1167 |       |       ||  1167
       Morningstar       |       |       |       |       |   257 |  1219 |       ||  1476
       Sling             |       |       |       |       |     2 |       |       ||     2
       Headbutt          |       |       |       |       |       |   151 |       ||   151
       Eveningstar       |       |       |       |       |       |   615 |   568 ||  1183
 Fire: Sling             |       |       |       |       |   148 |   407 |    53 ||   608
Throw: Stone             |       |       |     4 |    72 |    49 |       |       ||   125
       Dart              |       |       |       |     3 |       |       |       ||     3
       Boomerang         |       |       |       |     2 |    15 |   135 |    30 ||   182
       Throwing net      |       |       |       |     1 |       |       |       ||     1
       Javelin           |       |       |       |       |       |       |     7 ||     7
Invok: Berserk           |       |     3 |     4 |    12 |     9 |    11 |     3 ||    42
       Brothers in Arms  |       |       |       |       |       |     1 |       ||     1
 Abil: Evoke Blink       |       |       |       |       |       |     1 |       ||     1
Evoke: Wand              |       |       |     1 |       |       |     1 |       ||     2
       Phial of floods   |       |       |       |       |       |     2 |     1 ||     3
       Box of beasts     |       |       |       |       |       |       |     1 ||     1
  Use: Scroll            |       |     4 |       |     9 |    16 |     8 |     6 ||    43
       Potion            |       |       |       |     3 |       |     2 |       ||     5
 Stab: Sleeping          |     1 |     3 |     2 |     3 |     4 |    11 |     2 ||    26
       Distracted        |       |       |       |       |     3 |     2 |     1 ||     6
       Confused          |       |       |       |       |       |     1 |       ||     1
Armor: Animal skin       |    51 |    71 |    35 |       |       |       |       ||   157
       Leather armour    |       |       |    75 |    49 |       |       |       ||   124
       Troll leather arm |       |       |       |   330 |   611 |   282 |       ||  1223
       Scale mail        |       |       |       |       |       |   697 |   226 ||   923
Dodge: Dodged            |    78 |   138 |   171 |   478 |   748 |   855 |   215 ||  2683
Block: Kite shield       |       |       |       |    49 |   362 |   304 |       ||   715
       Buckler           |       |       |       |   219 |   239 |       |       ||   458
       Tower shield      |       |       |       |       |       |  1492 |   621 ||  2113
       Reflection        |       |       |       |       |       |       |    12 ||    12
